Map: Moondance

Players

MattBarry - Winner!

  • Race: Zerg Zerg
  • League: Gold
  • Spawn Location: 6:00

MoeMoe

  • Race: Protoss Protoss
  • Spawn Location: 12:00

VOD

Have the link to the VOD?

Description

Time

  • Played on: Jan. 21, 2023, 2:38 a.m.
  • Length: 5:19
Show
View Real Time Build Order
Export as new Build Order

MattBarry Zerg - Winner!

Build Orders: Pool First 

Get SALT Encoding   

  12  0:00  Drone  
  13  0:09  Drone  
  14  0:17  Overlord  
  14  0:27  Extractor  
  14  0:28  Drone  
  14  0:36  Drone  
  15  0:45  Spawning Pool  
  14  0:52  Drone  
  14  0:56  Drone  
  16  0:58  Drone  
  17  1:32  Zergling x6  
  20  1:34  Metabolic Boost  
  20  1:36  Queen  
  22  2:06  Overlord  
  22  2:09  Extractor  
  22  2:11  Evolution Chamber, Drone x2  
  23  2:21  Hatchery  
  22  2:27  Zergling x2  
  23  2:31  Zergling x2  
  24  2:43  Zergling x2  
  23  2:52  Zergling x6  
  23  2:55  Queen  
  28  3:00  Zergling x2  
  29  3:12  Zerg Melee Weapons Level 1  
  29  3:25  Zergling x2, Overlord  
  29  3:26  Overlord  
  30  3:33  Zergling x4  
  31  3:49  Zergling x4  
  33  3:59  Zergling x2  
  33  4:02  Zergling x6  
  37  4:15  Roach Warren  
  36  4:21  Zergling x2  
  36  4:22  Zergling x4  
  39  4:29  Zergling x6  
  39  4:30  Zergling x2  
  43  4:37  Overlord  
  42  4:58  Roach x3  
Show
View Real Time Build Order
Export as new Build Order

MoeMoe Protoss 

Build Orders:  

Get SALT Encoding   

  12  0:01  Probe (Chrono Boost)  
  13  0:10  Probe (Chrono Boost)  
  14  0:18  Pylon  
  14  0:30  Assimilator, Probe  
  15  0:41  Gateway  
  15  0:57  Probe  
  16  1:06  Gateway  
  16  1:09  Probe  
  17  1:31  Cybernetics Core  
  17  1:33  Pylon  
  17  1:38  Pylon  
  17  1:43  Gateway  
  17  1:45  Probe (Chrono Boost)  
  18  1:47  Assimilator  
  18  2:08  Stalker (Chrono Boost)  
  22  2:12  Stalker (Chrono Boost)  
  22  2:14  Warp Gate  
  23  2:38  Zealot (Chrono Boost)  
  23  3:05  Nexus  
  23  3:08  Probe  
  24  3:14  Stalker x2  
  28  3:20  Probe (Chrono Boost)  
  29  3:32  Probe (Chrono Boost)  
  28  3:38  Probe (Chrono Boost)  
  29  4:02  Nexus  
  29  4:03  Forge  
  29  4:09  Zealot x3  
  34  4:35  Nexus  
  34  4:36  Zealot x2  
  38  4:59  Pylon  
  37  5:14  Stalker x3  
Tags
 
League
Gold
Matchup
PvZ
Opening
Pool First
Replay Pack
Multiplayer
Spawn Locations
Cross Positions
Add a new tag
Caveats
  • Supply blocks, unpowered buildings, or Contaminate may cause inaccurate times.
  • Supply counts are checked every 10 seconds.